 Dungeon Crawl Stone Soup version 0.26.1-11-gd32895ea62 (webtiles) character file.

Game seed: 14785021340600734237

727 Tirrikindir the Slasher (level 7, -3/48 HPs)
             Began as an Octopode Fighter on May 25, 2021.
             Slain by an orc warrior
             ... wielding a +0 great sword
              (29 damage)
             ... on level 5 of the Dungeon.
             The game lasted 00:10:03 (4742 turns).

Tirrikindir the Slasher (Octopode Fighter)          Turns: 4742, Time: 00:10:04

Health: -3/48      AC:  1    Str: 16    XL:     7   Next: 72%
Magic:  7/7        EV: 12    Int: 11    God:
Gold:   265        SH:  9    Dex: 12    Spells: 6/6 levels left

rFire    . . .     SeeInvis .   a - +0 long sword
rCold    . . .     Faith    .   b - +0 kite shield
rNeg     . . .     Spirit   .   (helmet restricted)
rPois    .         Reflect  .   (no amulet)
rElec    .         Harm     .   (no ring)
rCorr    .         Rampage  .   (no ring)
Will     .....                  (no ring)
Stlth    +++.......             (no ring)
HPRegen  0.16/turn              (no ring)
MPRegen  0.10/turn              (no ring)
                                (no ring)
                                (no ring)

@: no status effects
A: almost no armour, stealthy swim, amphibious, 8 rings, constrict 8, camouflage
1, gelatinous body 1
a: no special abilities


You were on level 5 of the Dungeon.
You visited 1 branch of the dungeon, and saw 5 of its levels.

You collected 265 gold pieces.

Inventory:

Hand Weapons
 a - a +0 long sword (weapon)
 e - a +0 short sword
Missiles
 n - 12 poisoned darts (quivered)
Armour
 b - a +0 kite shield (worn)
Scrolls
 g - 2 scrolls of teleportation
 i - 2 scrolls of magic mapping
 k - a scroll of identify
Potions
 c - a potion of might
 d - 2 potions of brilliance
 f - 2 potions of heal wounds
 h - 3 potions of curing
 j - a potion of invisibility {unknown}
 l - a potion of magic
 m - 2 potions of cancellation
 o - 3 potions of resistance {unknown}


   Skills:
 - Level 4.0 Fighting
 * Level 6.4 Long Blades
 - Level 4.0 Dodging
 - Level 4.0 Stealth
 - Level 4.0 Shields


You had 6 spell levels left.
You didn't know any spells.
Your spell library contained the following spells:

 Spells                   Type           Power        Failure   Level
 Animate Skeleton         Necr           0%           82%         1
 Pain                     Necr           0%           82%         1
 Vampiric Draining        Necr           0%           99%         3
 Animate Dead             Necr           0%           100%        4
 Agony                    Necr           0%           100%        5


Dungeon Overview and Level Annotations

Branches:
Dungeon (5/15)
 Temple: D:4-7

Altars:
Ashenzari
Makhleb
Okawaru


Innate Abilities, Weirdness & Mutations

You cannot wear most types of armour.
You are very stealthy in the water. (Stealth+)
You are amphibious.
You can wear up to eight rings at the same time.
You can use your tentacles to constrict eight enemies at once.
Your skin changes colour to match your surroundings (Stealth+).
Your rubbery body absorbs attacks. (AC +1, EV +1)


Message History

You constrict the orc warrior.
You release your grip on the orc warrior.
You barely miss the orc warrior. You grab the orc warrior.
You squeeze the orc warrior.
The orc warrior is severely wounded.
You constrict the orc warrior, but do no damage.
The orc warrior looks more healthy.
You block the orc warrior's attack.
You hit the orc warrior but do no damage.
The orc warrior is severely wounded.
You constrict the orc warrior, but do no damage.
The orc warrior barely misses you.
You riposte.
You hit the orc warrior but do no damage.
You squeeze the orc warrior.
The orc warrior is almost dead.
You hit the orc warrior.
The orc warrior is almost dead.
You constrict the orc warrior.
The orc warrior hits you with a +0 great sword!!
Ouch! That really hurt!
You die...

...## ##.# ###...## #.# #. ...##
#..# ##..# ###. ## ###.## ##..##
....# ..... ## ##...####....##
#....#........##.
##....##..#...##..###...###....[.
...........##.... .. #)#......
>.....#.....##..# #..###...##.
....###......##.### .......##.
...## #..##.....@o## .........
..## #..###...##..####(..#......
#.## #..###..####.....## ##....#
#..# #..##...# ###..## #...##
##.## #......## ..# #...#
#..###.......# ..# #...##
#......####..# #...# ##....)
#..##...# #..####....# #......
..####..# ##...... ...####......


You could see an orc warrior.

Vanquished Creatures
  Duvessa (D:5)
  An orc warrior (D:5)
  An ogre (D:5)
  A gnoll sergeant (D:5)
  Dowan (D:5)
  A jelly (D:5)
  An orc priest (D:3)
  2 hounds
  2 iguanas (D:4)
  A worker ant (D:3)
  3 adders
  2 white imps (D:5)
  2 oozes
  An adder zombie (D:5)
  A worm (D:3)
  A dart slug (D:3)
  4 leopard geckos
  6 orcs (D:3)
  3 giant cockroaches
  12 goblins
  5 hobgoblins
  4 jackals
  14 kobolds
  2 quokkas
  A ball python (D:1)
  8 bats
  6 frilled lizards
  6 rats
93 creatures vanquished.

Notes
Turn   | Place    | Note
-------+----------+-------------------------------------------
     0 | D:1      | Tirrikindir the Octopode Fighter began the quest for the
                  | Orb.
     0 | D:1      | Reached XP level 1. HP: 16/16 MP: 1/1
     7 | D:1      | Noticed a polar bear
     7 | D:1      | Noticed a seven-headed hydra
     7 | D:1      | Noticed a swamp worm
     7 | D:1      | Noticed an iguana
   216 | D:1      | Reached XP level 2. HP: 18/21 MP: 2/2
   388 | D:1      | Reached skill level 1 in Stealth
   796 | D:1      | Reached XP level 3. HP: 26/26 MP: 3/3
  1428 | D:2      | Reached XP level 4. HP: 31/31 MP: 4/4
  1729 | D:3      | Reached skill level 3 in Long Blades
  1856 | D:3      | Found a burning altar of Makhleb.
  1979 | D:3      | Reached XP level 5. HP: 36/36 MP: 5/5
  2186 | D:3      | Found an iron altar of Okawaru.
  2705 | D:4      | Reached XP level 6. HP: 40/43 MP: 6/6
  2751 | D:4      | Reached skill level 4 in Long Blades
  2926 | D:4      | Found a broken altar of Ashenzari.
  3237 | D:5      | Entered Level 5 of the Dungeon
  3280 | D:5      | Noticed an orc warrior
  3290 | D:5      | Killed an orc warrior
  3293 | D:5      | Found the +7 Singing Sword {vorpal, sonic wave}
  3601 | D:5      | Noticed Dowan
  3613 | D:5      | Killed Dowan
  3613 | D:5      | Noticed Duvessa
  3614 | D:5      | Reached XP level 7. HP: 45/48 MP: 7/7
  3622 | D:5      | Killed Duvessa
  3623 | D:5      | Reached skill level 5 in Long Blades
  4590 | D:5      | Reached skill level 6 in Long Blades
  4742 | D:5      | Slain by an orc warrior

Illustrated notes

Levels and vault maps discovered:
D:1:      onia_arrival_zoo_common, layout_basic
D:2:      layout_rooms
D:3:      layout_rooms, okawaru_trees_1, makhleb_heckhound_becter
D:4:      layout_basic, nicolae_ashenzari_panopticon, kennysheep_generic_room_7
D:5:      layout_layer_cave, sword_in_stone, uniq_duvessa

Skill      XL: |  1  2  3  4  5  6  7 |
---------------+----------------------+-----
Stealth        | 1 2 3 4 |  4.0
Long Blades    | 3 4 6 |  6.4
Shields        | 4 |  4.0
Fighting       | 4 |  4.0
Dodging        | 4 |  4.0

Action                   |  1- 3 |  4- 6 |  7- 9 || total
-------------------------+-------+-------+-------++-------
Melee: Long sword        |    75 |    83 |    39 ||   197
       Constrict         |    20 |    26 |     8 ||    54
       Tentacles         |    15 |    18 |    13 ||    46
Throw: Dart              |       |       |     2 ||     2
  Use: Scroll            |     3 |     6 |       ||     9
       Potion            |       |     1 |     1 ||     2
 Stab: Sleeping          |     6 |     7 |     5 ||    18
       Distracted        |       |     1 |       ||     1
Armor: Skin              |    13 |     2 |       ||    15
Dodge: Dodged            |    37 |    34 |    10 ||    81
Block: Kite shield       |    30 |    30 |    17 ||    77
       Rpst.: Long sword |     8 |    11 |     2 ||    21
